 Dungeon Crawl Stone Soup version 0.26-a0-812-g31a745ddcd (webtiles) character file.

Game seed: 16565163780933728826

34 Lanoc the Magician (level 3, 0/20 HPs)
             Began as a Deep Elf Transmuter on Nov 14, 2020.
             Slain by a hobgoblin (1 damage)
             ... on level 2 of the Dungeon.
             The game lasted 00:01:52 (1761 turns).

Lanoc the Magician (Deep Elf Transmuter)            Turns: 1761, Time: 00:01:53

Health: 0/20       AC:  2    Str:  7    XL:     3   Next: 14%
Magic:  7/9        EV: 13    Int: 18    God:
Gold:   59         SH:  0    Dex: 15    Spells: 5/8 levels left

rFire    . . .     SeeInvis .     - Unarmed
rCold    . . .     Faith    .   (no shield)
rNeg     . . .     Spirit   .   a - +0 robe
rPois    .         Reflect  .   (helmet currently unavailable)
rElec    .         Harm     .   (no cloak)
rCorr    .         Rampage  .   (no gloves)
MR       .....                  (boots currently unavailable)
Stlth    +.........             (no amulet)
HPRegen  0.06/turn              (no ring)
MPRegen  0.11/turn              (no ring)

@: mighty, appendages (expiring), wereblooded
A: horns 2, talons 2
a: End Transformation


You were on level 2 of the Dungeon.
You had grown temporary horns.
You had grown temporary talons.
You visited 1 branch of the dungeon, and saw 2 of its levels.

You collected 59 gold pieces.

Inventory:

Armour
 a - a +0 robe (worn)
Jewellery
 g - an uncursed ring of protection from fire {unknown}
Scrolls
 c - 4 scrolls of identify {unknown}
 f - a scroll of magic mapping {unknown}
Potions
 b - a potion of lignification {unknown}
 e - a potion of flight {unknown}
 h - a potion of magic {unknown}


   Skills:
 + Level 1.2 Fighting
 + Level 2.9 Dodging
 + Level 2.6 Unarmed Combat
 - Level 3.0 Spellcasting
 * Level 3.0 Transmutations


You had 5 spell levels left.
You knew the following spells:

 Your Spells              Type           Power        Failure   Level
a - Beastly Appendage     Tmut           ##....       4%          1
b - Wereblood             Tmut           ##......     7%          2

Your spell library contained the following spells:

 Spells                   Type           Power        Failure   Level
 Spider Form              Tmut/Pois      #.........   26%         3
 Ice Form                 Ice/Tmut       #.......     65%         4
 Blade Hands              Tmut           ##........   78%         5


Dungeon Overview and Level Annotations

Branches:
Dungeon (2/15)

Altars:

Annotations:
D:2 Sigmund


Innate Abilities, Weirdness & Mutations

You have a pair of horns on your head.
You have razor-sharp toenails.


Message History

You barely miss the hobgoblin. Your kick misses the hobgoblin.
The hobgoblin is almost dead.
The jackal bites you.
* * * LOW HITPOINT WARNING * * *
The hobgoblin hits you but does no damage.
You hit the hobgoblin but do no damage. Your kick misses the hobgoblin.
You headbutt the hobgoblin, but do no damage.
The hobgoblin is almost dead.
The jackal misses you. The hobgoblin hits you.
* * * LOW HITPOINT WARNING * * *
You hit the hobgoblin but do no damage. Your punch misses the hobgoblin.
The hobgoblin is almost dead.
The jackal misses you.
The jackal bites you but does no damage.
The hobgoblin hits you.
* * * LOW HITPOINT WARNING * * *
It was a potion of might.
You feel very mighty all of a sudden.
Your transformation is almost over.
The jackal closely misses you. The hobgoblin hits you.
You die...

## ### #. #.. #.
#.# #. . #h# ##
w.. #g# #.
[....###@# #.#.#
......wh.# #.#.#
###.####.###.#.#
#### .........
..# #.####..#
#.# .(.
#..####.#####
..#
#.†..........
...
#.††###.##### ..
#...#...#


You could see a worm, 2 jackals and a hobgoblin.

Vanquished Creatures
  3 dart slugs (D:1)
  A ball python (D:1)
  2 giant cockroaches (D:1)
  2 goblins
  5 hobgoblins
  3 jackals (D:2)
  2 bats (D:1)
  2 frilled lizards (D:1)
  A kobold (D:1)
  5 rats
26 creatures vanquished.

Notes
Turn   | Place    | Note
-------+----------+-------------------------------------------
     0 | D:1      | Lanoc the Deep Elf Transmuter began the quest for the Orb.
     0 | D:1      | Reached XP level 1. HP: 11/11 MP: 6/6
    85 | D:1      | Reached skill level 1 in Fighting
    88 | D:1      | Reached XP level 2. HP: 4/16 MP: 6/8
   132 | D:1      | Learned a level 2 spell: Wereblood
  1350 | D:2      | Reached XP level 3. HP: 20/20 MP: 7/9
  1493 | D:2      | Noticed Sigmund
  1760 | D:2      | HP: 1/20 [hobgoblin (3)]
  1761 | D:2      | Slain by a hobgoblin

Illustrated notes

Levels and vault maps discovered:
D:1:      wander_arrival_abandoned_jail, layout_loops_ring,
          minmay_misc_feat_hallway
D:2:      layout_basic, uniq_crazy_yiuf_cottage, uniq_sigmund, uniq_terence

Skill      XL: |  1  2 |
---------------+-------+-----
Fighting       | 1 |  1.2
Transmutations | 3 |  3.0
Dodging        | |  2.9
Unarmed Combat | |  2.6
Spellcasting   | |  3.0

Action                   || total
-------------------------++-------
Melee: Unarmed           ||    91
       Kick              ||    21
       Headbutt          ||    17
 Cast: Beastly Appendage ||    22
       Wereblood         ||     3
  Use: Potion            ||     1
 Stab: Sleeping          ||     2
       Distracted        ||     1
Armor: Robe              ||    16
Dodge: Dodged            ||    58

Table legend: (Time is in decaauts)
 A = Elapsed time spent in this place.
 B = Non-inter-level travel time spent in this place.
 C = Inter-level travel time spent in this place.
 D = Time resting spent in this place.
 E = Time spent auto-exploring this place.
 F = Levels seen in this place.
 G = Mean time per level.
                   A        B        C        D        E       F      G
               +--------+--------+--------+--------+--------+-----+--------+
         Total |   1757 |   1713 |     44 |    197 |   1303 |   2 |  878.5 |
       Dungeon |   1757 |   1713 |     44 |    197 |   1303 |   2 |  878.5 |
               +--------+--------+--------+--------+--------+-----+--------+

Top non-repeatable levels by time:
     D:1: 1565 daAuts
     D:2: 191 daAuts
